 Dungeon Crawl Stone Soup version 0.22-a0-757-gdba82d8 (webtiles) character file.

9343 Mamutox the Fighter (level 11, -5/139 HPs)
             Began as an Ogre Chaos Knight on July 16, 2018.
             Killed from afar by a manticore (10 damage)
             ... with a volley of spikes
             ... on level 11 of the Dungeon.
             The game lasted 00:41:22 (11671 turns).

Mamutox the Fighter (Ogre Chaos Knight)            Turns: 11671, Time: 00:41:23

Health: -5/139     AC: 11    Str: 18    XL:     11   Next: 45%
Magic:  12/12      EV: 29    Int: 13    God:    Xom [*.....]
Gold:   545        SH:  0    Dex: 20    Spells: 10/10 levels left

rFire    . . .     SeeInvis +   w - +1 battleaxe
rCold    . . .     Gourm    .   (shield currently unavailable)
rNeg     . . .     Faith    .   M - +0 troll leather armour
rPois    .         Spirit   .   (helmet restricted)
rElec    .         Reflect  .   i - +0 cloak
rCorr    +         Harm     .   (gloves unavailable)
MR       +....                  (boots unavailable)
Stlth    ++........             H - amulet of the acrobat
HPRegen  0.73/turn              e - ring of resist corrosion
MPRegen  0.13/turn              u - ring of see invisible

@: agile, about to teleport, barbed spikes, very heavily drained
A: large, unfitting armour, antennae 1, hooves 1, molten scales 1, slimy green
scales 1, agile 2, high mp 1, mutation resistance 1, robust 1, shaggy fur 1,
tough skin 1, wild magic 1
a: Renounce Religion


You were on level 11 of the Dungeon.
You worshipped Xom.
You were a special plaything of Xom.
You were very hungry.

You visited 2 branches of the dungeon, and saw 13 of its levels.
You also visited: Ossuary.

You collected 615 gold pieces.
You spent 70 gold pieces at shops.

Inventory:

Hand Weapons
 a - a +0 hand axe of chaos
 w - a +1 battleaxe (weapon)
Missiles
 m - 18 tomahawks (quivered)
 N - 4 poisoned javelins
Armour
 b - a +2 robe
 i - a +0 cloak (worn)
 K - the cursed +0 shield of the Bells {Regen+ Int-3 Dex+2}
   (You bought it in a shop on level 11 of the Dungeon)

   It affects your intelligence (-3).
   It affects your dexterity (+2).
   It increases your rate of regeneration.
   It has a curse placed upon it.
 M - a +0 troll leather armour (worn)
Jewellery
 e - a ring of resist corrosion (left hand)
 s - an uncursed ring of positive energy
 u - a ring of see invisible (right hand)
 y - an uncursed ring of fire
 H - an amulet of the acrobat (around neck)
Wands
 x - a wand of random effects (51)
 z - a wand of paralysis (16)
 B - a wand of digging (11)
 E - a wand of scattershot (6)
 I - a wand of clouds (3)
Scrolls
 d - a scroll of enchant armour
 g - 5 scrolls of remove curse
 h - 4 scrolls of teleportation
 l - a scroll of fog
 o - 2 scrolls of enchant weapon {unknown}
 p - 2 scrolls of fear
 t - a scroll of magic mapping
 D - 4 scrolls of amnesia {unknown}
 J - a scroll of blinking
 L - a scroll of immolation {unknown}
 O - a scroll of identify
Potions
 f - 2 potions of agility
 j - a potion of cancellation
 k - 5 potions of haste
 n - 2 potions of resistance
 q - 4 potions of brilliance
 v - a potion of mutation
 A - a potion of curing
 C - 2 potions of heal wounds
 G - a potion of might {unknown}
Comestibles
 c - 28 rations


   Skills:
 - Level 13.1(9.1) Fighting
 - Level 10.5(6.8) Axes
 - Level 7.8(4.3) Throwing
 + Level 4.1(0.9) Armour
 - Level 3.8(0.7) Dodging
 - Level 0.1(0.0) Stealth
 - Level 2.3(0.0) Shields


You had 10 spell levels left.
You didn't know any spells.
Your spell library contained the following spells:

 Spells                   Type           Power        Failure   Level  Hunger
 Magic Dart               Conj           #...         45%         1    ##.....
 Conjure Flame            Conj/Fire      #.......     80%         3    ####...
 Slow                     Hex            #.......     58%         2    ###....
 Mephitic Cloud           Conj/Pois/Air  #.......     80%         3    ####...
 Blink                    Tloc           N/A          58%         2    ###....
 Animate Dead             Necr           N/A          99%         4    #####..
 Pain                     Necr           #...         45%         1    ##.....
 Animate Skeleton         Necr           N/A          45%         1    ##.....
 Vampiric Draining        Necr           #.........   80%         3    ####...
 Call Imp                 Summ           #.......     58%         2    ###....
 Regeneration             Chrm/Necr      #.........   80%         3    ####...
 Stone Arrow              Conj/Erth      #.....       80%         3    ####...
 Passwall                 Tmut/Erth      #.......     58%         2    ###....
 Lee's Rapid Deconstruct  Erth           #.........   100%        5    ######.
 Sandblast                Erth           #.....       45%         1    ##.....
 Petrify                  Tmut/Erth      #.......     99%         4    #####..


Dungeon Overview and Level Annotations

Branches:
Dungeon (12/15)            Temple (0/1) D:4            Lair (1/6) D:11
    Orc: D:9-12

Altars:
Cheibriados
Dithmenos
Elyvilon
Fedhas
Kikubaaqudgha
Makhleb
Ru
Trog
Vehumet
Wu Jian
Xom
Yredelemnul

Shops:
D:11 !*}%:

Annotations:
D:3 1 runed door, azzavlup's ghost, amateur HOBe
D:11 Sonja
Lair:1 Gastronok


Innate Abilities, Weirdness & Mutations

You are too large for most types of armour.
You have tough skin. (AC +1)
You have a pair of small antennae on your head.
You have large cloven feet.
You are partially covered in molten scales. (AC +2)
You are partially covered in slimy green scales. (AC +2)
You are very agile. (Dex +4)
You have an increased reservoir of magic. (+10% MP)
You are somewhat resistant to further mutation.
You are robust. (+10% HP)
You are covered in fur. (AC +1)
Your spells are a little harder to cast, but a little more powerful.


Message History

The manticore claws you but does no damage.
The manticore barely misses you.
Okay, then.
The manticore closely misses you. x3
There is a stone staircase leading up, spattered with blood here.
The manticore bites you!
* * * LOW HITPOINT WARNING * * *
The manticore barely misses you. The manticore closely misses you.
You climb upwards.
Level annotation: Sonja
There is a stone staircase leading down here.
As you read the scroll of teleportation, it crumbles to dust.
You feel strangely unstable. The manticore bites you!
* * * LOW HITPOINT WARNING * * *
The manticore closely misses you. x2
The manticore flicks its tail.
The volley of spikes hits you!
The barbed spikes become lodged in your body.
You die...
Xom guffaws!

#......#* * *
##.##### * *
#[)[## * ####*
###[.# *8.8.8 * *
#######'####.⌠.⌠.
#.......<...8.∩$8,
,, ,*
#........H...⌠.⌠.
#........>.#8.8.8
#........@.+ .#..
#..........#
#..........#
#######'#### ##..#
###..## #...##
####.########
#...........#


You could see a manticore.

Vanquished Creatures
  A two-headed ogre (D:8)
  An ugly thing (D:11)
  A manticore (D:11)
  2 kobold demonologists (D:11)
  A komodo dragon (D:11)
  A troll (D:11)
  2 hippogriffs (D:9)
  A spriggan (D:10)
  3 wyverns
  2 hungry ghosts
  A centaur (D:6)
  Duvessa (D:4)
  2 orc warriors
  3 sky beasts
  An ice beast (D:7)
  2 black bears
  A necrophage (D:10)
  A phantom (D:7)
  2 ogres
  A wolf (D:6)
  An elf zombie (Ossuary)
  5 bullfrogs
  2 big kobolds
  Dowan (D:4)
  A water moccasin skeleton (D:7)
  2 scorpions (D:5)
  13 wights
  A howler monkey (D:8)
  4 crimson imps
  5 centaur zombies
  7 human zombies (Ossuary)
  2 quasits (D:9)
  5 orc priests
  5 hounds
  7 orc wizards
  3 bullfrog skeletons
  3 centaur skeletons
  An iron imp (D:7)
  3 iguanas
  7 worker ants
  A hound zombie (D:7)
  3 mummies (Ossuary)
  A hound skeleton (D:4)
  A worker ant zombie (D:10)
  An adder (shapeshifter) (D:4)
  7 adders
  2 shadow imps (D:6)
  An adder skeleton (D:9)
  4 worms
  3 leopard geckos
  21 orcs
  A ball python (shapeshifter) (D:4)
  3 bats
  2 bat zombies (D:2)
  5 giant cockroaches
  4 goblins
  4 hobgoblins
  11 jackals
  3 quokkas
  4 frilled lizards
  13 kobolds
  An orc zombie (D:12)
  2 quokka skeletons (D:4)
  2 rats
208 creatures vanquished.

Vanquished Creatures (collateral kills)
  Psyche (D:8)
  A kobold demonologist (D:11)
  An orc warrior (D:7)
  A sky beast (D:6)
  A big kobold (D:11)
  A quasit (D:6)
  An orc priest (D:7)
  An orc wizard (D:7)
  2 worker ants
  3 gnolls (D:2)
  2 bats
  2 kobolds
  A rat (D:2)
18 creatures vanquished.

Vanquished Creatures (others)
  A basilisk (D:11)
  A human zombie (Ossuary)
  2 withered plants (D:3)
4 creatures vanquished.

Grand Total: 230 creatures vanquished

Notes
Turn   | Place    | Note
-------+----------+-------------------------------------------
     0 | D:1      | Mamutox the Ogre Chaos Knight began the quest for the Orb.
     0 | D:1      | Reached XP level 1. HP: 24/24 MP: 1/1
    59 | D:1      | Reached XP level 2. HP: 23/32 MP: 2/2
   170 | D:1      | XOM: harmless Chrm miscast
   474 | D:1      | XOM: god gift: plate armour {god gift}
   603 | D:2      | Reached XP level 3. HP: 40/40 MP: 3/3
   821 | D:2      | XOM: snakes to sticks
   867 | D:2      | Found a sacrificial altar of Ru.
   935 | D:2      | Found an ancient bone altar of Kikubaaqudgha.
   935 | D:2      | XOM: mild Air miscast
   958 | D:2      | Reached XP level 4. HP: 49/49 MP: 4/4
   968 | D:2      | XOM: polymorph giant cockroach -> leopard gecko
  1046 | D:2      | Found a white marble altar of Elyvilon.
  1212 | D:2      | XOM is BORED!
  1212 | D:2      | XOM: noise
  1217 | D:2      | Reached skill level 5 in Fighting
  1375 | D:3      | Found a runed door.
  1375 | D:3      | Noticed azzavlup's ghost (amateur HOBe)
  1379 | D:3      | Found a shadowy altar of Dithmenos.
  1426 | D:3      | XOM: give mutations
  1426 | D:3      | Gained mutation: You evolve. [Xom's grace]
  1426 | D:3      | Gained mutation: You have a pair of small antennae on your head. [Xom's grace]
  1426 | D:3      | Lost mutation: You evolve. [Xom's grace]
  1426 | D:3      | Gained mutation: You are somewhat resistant to further mutation. [Xom's grace]
  1435 | D:3      | XOM: 1-stop teleportation journey
  1533 | D:3      | Reached XP level 5. HP: 57/57 MP: 5/5
  1675 | D:3      | XOM: harmless Erth miscast
  1733 | D:3      | XOM: harmless Hex miscast
  2014 | D:3      | Found a basalt altar of Yredelemnul.
  2021 | D:3      | Found a snail-covered altar of Cheibriados.
  2024 | D:3      | Found a burning altar of Makhleb.
  2345 | D:4      | XOM: harmless Ice miscast
  2356 | D:4      | Found a staircase to the Ecumenical Temple.
  2363 | D:4      | Reached skill level 6 in Fighting
  2406 | D:4      | XOM: polymorph worker ant -> gnoll
  2488 | D:4      | Reached skill level 5 in Axes
  2488 | D:4      | Reached XP level 6. HP: 46/68 MP: 6/6
  2506 | D:4      | Found a sand-covered staircase.
  2522 | Ossuary  | XOM: stealth player
  2522 | Ossuary  | Entered an ossuary
  2537 | Ossuary  | XOM: harmless Hex miscast
  2675 | Ossuary  | XOM: silly message
  2677 | Ossuary  | XOM: cast spell 'Summon Ice Beast'
  2690 | Ossuary  | HP: 1/68 [human zombie (3)]
  2698 | Ossuary  | XOM: enchant monster (good)
  2701 | Ossuary  | Reached skill level 7 in Fighting
  2957 | Ossuary  | XOM: potion effect (berserk rage)
  2959 | Ossuary  | Reached XP level 7. HP: 73/78 MP: 7/7
  3199 | Ossuary  | Reached skill level 8 in Fighting
  3239 | Ossuary  | HP: 3/80 [something (5)]
  3599 | D:4      | Noticed Duvessa
  3600 | D:4      | Noticed Dowan
  3615 | D:4      | Killed Duvessa
  3619 | D:4      | XOM: enchant monster (good)
  3640 | D:4      | Killed Dowan
  3640 | D:4      | Reached XP level 8. HP: 79/89 MP: 8/8
  3875 | D:4      | Found a bloodstained altar of Trog.
  3950 | D:4      | Found a blossoming altar of Fedhas.
  3950 | D:4      | Found an ornate altar of the Wu Jian Council.
  4378 | D:5      | Entered Level 5 of the Dungeon
  4455 | D:5      | Reached skill level 9 in Fighting
  4520 | D:5      | XOM: harmless Hex miscast
  4547 | D:5      | Reached skill level 1 in Throwing
  4627 | D:5      | XOM: scenery: create altars
  4669 | D:5      | XOM: mild Tmut miscast
  4870 | D:6      | XOM: polymorph worker ant -> scorpion
  5009 | D:6      | XOM: harmless Tloc miscast
  5025 | D:6      | XOM: destruction
  5028 | D:6      | XOM: enchant monster (good)
  5472 | D:6      | XOM: give mutations
  5472 | D:6      | Gained mutation: You have an increased reservoir of magic. (+10% MP) [Xom's grace]
  5472 | D:6      | Gained mutation: You are partially covered in slimy green scales. (AC +2) [Xom's grace]
  5541 | D:6      | XOM: polymorph ice beast -> wolf
  5630 | D:6      | XOM: potion effect (agility)
  5639 | D:6      | Reached skill level 10 in Fighting
  5725 | D:6      | Reached XP level 9. HP: 81/101 MP: 9/9
  5959 | D:6      | XOM: cast spell 'Statue Form'
  6068 | D:6      | XOM: give mutations
  6068 | D:6      | Gained mutation: You are partially covered in molten scales. (AC +2) [Xom's grace]
  6068 | D:6      | Gained mutation: Your spells are a little harder to cast, but a little more powerful. [Xom's grace]
  6068 | D:6      | Gained mutation: You are agile. (Dex +2) [Xom's grace]
  6068 | D:6      | Gained mutation: You are very agile. (Dex +4) [Xom's grace]
  6193 | D:7      | XOM: confuse monster(s)
  6233 | D:7      | XOM: polymorph crimson imp -> iron imp
  6472 | D:7      | XOM: fog
  6499 | D:7      | XOM: 7-stop teleportation journey
  6592 | D:7      | XOM: give mutations
  6592 | D:7      | Gained mutation: You have large cloven feet. [Xom's grace]
  6592 | D:7      | Gained mutation: You are robust. (+10% HP) [Xom's grace]
  6592 | D:7      | Gained mutation: You are covered in fur. (AC +1) [Xom's grace]
  6599 | D:7      | XOM: enchant monster (good)
  6916 | D:7      | Found a radiant altar of Vehumet.
  7014 | D:7      | XOM: cleaving
  7024 | D:7      | Reached skill level 11 in Fighting
  7028 | D:7      | XOM: smoke on damage
  7029 | D:7      | Reached skill level 5 in Throwing
  7329 | D:7      | XOM: scenery: 1 doors open
  7387 | D:8      | Noticed a two-headed ogre
  7394 | D:8      | XOM: enchant monster (good)
  7405 | D:8      | Killed a two-headed ogre
  7405 | D:8      | Reached XP level 10. HP: 73/126 MP: 11/11
  7657 | D:8      | Noticed Psyche
  7661 | D:8      | XOM: summons friendly crimson imp
  7672 | D:8      | XOM: summons 10 friendly demons
  7675 | D:8      | Killed Psyche
  7744 | D:8      | XOM: god gift: dagger {god gift}
  7843 | D:8      | Reached skill level 12 in Fighting
  7950 | D:8      | XOM: mild Tloc miscast
  8121 | D:9      | XOM: smoke on damage
  8194 | D:9      | XOM: divination: magic mapping
  8217 | D:9      | XOM: enchant monster (good)
  8219 | D:9      | XOM: enchant monster (good)
  8224 | D:9      | Reached skill level 10 in Axes
  8246 | D:9      | XOM: divination: detect items
  8804 | D:9      | XOM is BORED!
  8804 | D:9      | XOM: harmless Chrm miscast
  8994 | D:10     | Entered Level 10 of the Dungeon
  9082 | D:10     | XOM: potion effect (invisibility)
  9162 | D:10     | XOM: mild Summ miscast
  9591 | D:10     | Reached skill level 13 in Fighting
  9646 | D:10     | XOM: potion effect (invisibility)
  9653 | D:10     | Reached XP level 11. HP: 117/139 MP: 12/12
  9720 | D:10     | XOM: harmless Hex miscast
  9862 | D:11     | Found a staircase to the Lair.
  9880 | D:11     | Found Jibeussigyo's General Store.
  9903 | D:11     | Bought the cursed +0 shield of the Bells {Regen+ Int-3 Dex+2} for 70 gold pieces
  9937 | D:11     | Noticed a green ugly thing
  9950 | D:11     | XOM: divination: magic mapping
  9953 | D:11     | Killed a green ugly thing
  9953 | D:11     | Reached skill level 1 in Shields
 10175 | D:11     | Found Par Yhojy's Distillery.
 10252 | D:11     | Reached skill level 1 in Armour
 10289 | D:11     | Found Qoodus's Gadget Emporium.
 10317 | D:11     | XOM: divination: magic mapping
 10360 | D:11     | XOM: divination: detect creatures
 10368 | D:11     | XOM: enchant monster (bad)
 10377 | D:11     | XOM: cast spell 'Shadow Creatures'
 10384 | D:11     | Noticed a sun demon
 10385 | D:11     | Noticed a sixfirhy
 10715 | D:11     | Noticed a manticore
 10734 | D:11     | XOM: harmless Erth miscast
 10736 | D:11     | Killed a manticore
 10761 | D:11     | XOM: medium Tmut miscast
 10929 | D:11     | XOM: summons 2 friendly demons
 10987 | D:11     | Found Ynnunu's Food Emporium.
 10987 | D:11     | Noticed a catoblepas
 10991 | D:11     | XOM: summons friendly white imp
 11036 | D:11     | XOM: mild Summ miscast
 11056 | D:11     | Found Cosoetui's Book Shoppe.
 11175 | D:11     | Noticed Sonja
 11177 | D:11     | XOM: swap monsters
 11272 | Lair:1   | Entered Level 1 of the Lair of Beasts
 11285 | Lair:1   | Noticed Gastronok
 11483 | D:12     | Noticed an orc sorcerer
 11487 | D:12     | XOM: scenery: create altars
 11578 | D:12     | Noticed a manticore
 11579 | D:12     | XOM: mild Erth miscast
 11602 | D:11     | XOM: divine lightning
 11670 | D:11     | HP: 4/139 [manticore (7)]
 11671 | D:11     | Killed from afar by a manticore

Vault maps used:
D:1:      minmay_arrival_four_houses, st_stairs_7
D:2:      minmay_diamond_boxcup, nicolae_ru_awakened_eye, elyvilon_altar_4,
          lemuel_zombie_altar_kikubaaqudgha, wad_floor_pattern_2,
          glass_columns_c, minmay_misc_feat_five, hangedman_decor_points,
          lemuel_old_faithful
D:3:      grunt_temple_overflow_diamond, gammafunk_ghost_grave,
          grunt_dithmenos_smoke_and_mirrors
D:4:      lemuel_doored_altar, gammafunk_temple_overflow_elements,
          temple_pool_b, nicolae_ossuary_entry_plus, hex_large, uniq_duvessa
D:5:      first_ration, kennysheep_small_spiral
D:6:      kennysheep_generic_room_12
D:7:      basic_altar
D:8:      uniq_psyche
D:10:     the_bakery
D:11:     lair_entry_dummy, serial_shops, kennysheep_little_box, shop,
          shop_coins, nicolae_shop_temple_entry_statues_fountains, shop,
          lemuel_flamethrower_hall, uniq_sonja
D:12:     zombieorc2_lemuel, minivault_4
Lair:1:   wad_woods_structure_01, basic_altar, pond, uniq_gastronok
Ossuary:  ossuary_minmay_four_chambers

Skill      XL: |  1  2  3  4  5  6  7  8  9 10 11 |
---------------+----------------------------------+-----
Axes           | 4 5 6 7 9 10 | 10.5
Fighting       | 5 6 7 8 10 11 13 | 13.1
Throwing       | 3 5 7 |  7.8
Dodging        | 3 |  3.8
Shields        | 2 |  2.3
Armour         | 4 |  4.1
Stealth        | |  0.1

Action                   |  1- 3 |  4- 6 |  7- 9 | 10-12 || total
-------------------------+-------+-------+-------+-------++-------
Melee: Hand axe          |    70 |   180 |   314 |       ||   564
       Battleaxe         |       |       |    64 |   321 ||   385
       Kick              |       |       |     7 |   103 ||   110
Throw: Tomahawk          |       |       |     3 |     1 ||     4
       Large rock        |       |       |       |     3 ||     3
  Use: Scroll            |       |    14 |     5 |     8 ||    27
       Potion            |       |     2 |       |     5 ||     7
 Stab: Paralysed         |       |     3 |       |       ||     3
       Petrified         |       |     3 |    20 |     1 ||    24
       Sleeping          |       |       |     1 |       ||     1
       Confused          |       |       |     1 |       ||     1
       Petrifying        |       |       |       |     2 ||     2
  Eat: Chunk             |       |     5 |    12 |    18 ||    35
       Ration            |       |     1 |       |       ||     1
Armor: Robe              |    29 |    46 |    86 |   105 ||   266
       Skin              |       |    17 |       |       ||    17
       Troll leather arm |       |       |       |    66 ||    66
Dodge: Dodged            |    56 |    62 |   186 |   246 ||   550

Table legend:
 A = Spawn XP
 B = Non-spawn XP
 C = Spawn XP percentage of total XP
 D = Spawn monster count
 E = Non-spawn monster count
 F = Spawn count percentage of total count
 G = Total turns spent on level
                    A         B        C        D         E        F      G
               +---------+---------+-------+---------+---------+-------+---------
         Total |       0 |   13348 |   0.0 |       0 |     228 |   0.0 | 11671
               +---------+---------+-------+---------+---------+-------+---------
           D:1 |       0 |      28 |   0.0 |       0 |      15 |   0.0 |   508
           D:2 |       0 |      88 |   0.0 |       0 |      24 |   0.0 |   811
           D:3 |       0 |     105 |   0.0 |       0 |      15 |   0.0 |  1001
           D:4 |       0 |     455 |   0.0 |       0 |      18 |   0.0 |  1335
           D:5 |       0 |     277 |   0.0 |       0 |       8 |   0.0 |   530
           D:6 |       0 |     998 |   0.0 |       0 |      21 |   0.0 |  1266
           D:7 |       0 |    1272 |   0.0 |       0 |      20 |   0.0 |  1172
           D:8 |       0 |    2115 |   0.0 |       0 |      13 |   0.0 |   962
           D:9 |       0 |    1829 |   0.0 |       0 |      20 |   0.0 |   686
          D:10 |       0 |    1497 |   0.0 |       0 |      22 |   0.0 |   794
          D:11 |       0 |    4051 |   0.0 |       0 |      36 |   0.0 |  1795
          D:12 |       0 |       1 |   0.0 |       0 |       1 |   0.0 |    39
       Ossuary |       0 |     632 |   0.0 |       0 |      15 |   0.0 |   723
               +---------+---------+-------+---------+---------+-------+---------
